 Seeded DCSS version 0.28.0-62-gf88900778d (webtiles) character file.

Game seed: 13591998346360536447 (custom seed)

18 Psyclone the Conjurer (level 2, -1/17 HPs)
             Began as an Octopode Conjurer on Oct 22, 2023.
             Slain by a quokka (4 damage)
             ... on level 2 of the Dungeon.
             The game lasted 00:01:38 (407 turns).

Psyclone the Conjurer (Octopode Conjurer)            Turns: 407, Time: 00:01:38

Health: -1/17      AC:  5    Str:  6    XL:     2   Next: 66%
Magic:  14/14      EV: 13    Int: 20    God:
Gold:   27         SH:  0    Dex: 14    Spells: 2/5 levels left

rFire   . . .      SeeInvis +   a - +0 dagger
rCold   . . .      Faith    .   (no shield)
rNeg    . . .      Spirit   .   (helmet restricted)
rPois   .          Reflect  .   (no amulet)
rElec   +          Harm     .   b - ring "Xiagas" {rElec rCorr MP+9 AC+4 Dex+4 SInv}
rCorr   +          Rampage  .   (no ring)
Will    .....                   (no ring)
Stlth   +++.......              (no ring)
HPRegen 0.05/turn               (no ring)
MPRegen 0.14/turn               (no ring)
                                (no ring)
                                (no ring)

@: no status effects
A: almost no armour, amphibious, 8 rings, camouflage 1, gelatinous body 1,
(nimble swimmer 1), tentacles
a: no special abilities


You were on level 2 of the Dungeon.
You visited 1 branch of the dungeon, and saw 2 of its levels.

You collected 27 gold pieces.

Inventory:

Hand Weapons
 a - a +0 dagger (weapon)
Jewellery
 b - the ring "Xiagas" (left tentacle) {rElec rCorr MP+9 AC+4 Dex+4 SInv}
   (You acquired it on level 2 of the Dungeon)

   [ring of protection]

   AC:        It affects your AC (+4).
   Dex:       It affects your dexterity (+4).
   rElec:     It insulates you from electricity.
   MP:        It affects your magic capacity (+9).
   SInv:      It lets you see invisible.
   rCorr:     It protects you from acid and corrosion.
 d - a ring of resist corrosion
Scrolls
 c - 3 scrolls of identify {unknown}
 e - a scroll of vulnerability {unknown}


   Skills:
 - Level 2.0 Dodging
 - Level 2.6 Stealth
 - Level 2.0 Spellcasting
 + Level 4.7 Conjurations


You had 2 spell levels left.
You knew the following spells:

 Your Spells              Type           Power      Damage    Failure   Level
a - Magic Dart            Conj           84%        1d7       2%          1
b - Searing Ray           Conj           42%        2d6       3%          2

Your spell library contained the following spells:

 Spells                   Type           Power      Damage    Failure   Level
 Dazzling Flash           Conj/Hex       22%        N/A       19%         3
 Fulminant Prism          Conj/Hex       5%         3d7       52%         4
 Iskenderun's Mystic Bla  Conj/Tloc      11%        2d4       52%         4


Dungeon Overview and Level Annotations

Branches:
Dungeon (2/15)

Altars:

Annotations:
D:2 Natasha


Innate Abilities, Weirdness & Mutations

You cannot wear most types of armour.
You are amphibious.
You can wear up to eight rings at the same time.
Your skin changes colour to match your surroundings (Stealth+).
Your rubbery body absorbs attacks. (AC +1, EV +1)
((You are camouflaged when in or above water. (Stealth+)))
You have tentacles for arms and can constrict up to eight enemies at once.


Message History

You feel yourself slow down.
Found 2 scrolls of acquirement.
Natasha zaps a wand.
The puff of flame hits you!
Natasha casts a spell.
You take 7 damage, and have 10/17 hp.
MASSIVE DAMAGE!!
Found 9 gold pieces.
Natasha casts a spell at you.
You feel as though you will be slow longer.
The quokka bites you. Natasha claws you.
* * * LOW HITPOINT WARNING * * *
You take 7 damage, and have 3/17 hp.
MASSIVE DAMAGE!!
The quokka barely misses you.
You see here 2 scrolls of acquirement.
Natasha casts a spell.
The iron imp lashes its tail.
The quokka barely misses you.
Natasha casts a spell.
The quokka closely misses you.
You see here 9 gold pieces.
The quokka barely misses you.
The iron imp grins evilly.
The quokka misses you. The quokka closely misses you.
The quokka bites you but does no damage.
The iron imp disappears in a puff of smoke!
The quokka barely misses you. The quokka bites you.
* * * LOW HITPOINT WARNING * * *
You take 2 damage, and have 2/17 hp.
Natasha mewls in sadness.
Natasha casts a spell.
The quokka bites you but does no damage.
The iron imp grins evilly.
The quokka barely misses you. The quokka misses you.
The white imp grinds its teeth.
The quokka completely misses you.
You feel yourself speed up. The quokka bites you.
You die...

.#.....#####.###..#.#
#.#.###.## ##.#.#..#
#........# ##.##.##
#...#.#..# #.##..#
#........# #.##.#.#
...##>##.######.##.##.#
#. #. #.........#.###.#
#
#.##..####......#######
#.....@.......<........
####.r####.)....#######
#####.5########.##
...........# #.#
######..##h# #.#
#.###.# #.# ... #h#
###.# ###. #.# #.^.# #.
#5# #.###


You could see a white imp (summoned) and a quokka.

Vanquished Creatures
  2 dart slugs (D:2)
  An endoplasm (D:2)
  5 jackals
  A kobold (D:1)
  A ball python (D:1)
  3 rats
13 creatures vanquished.

Notes
Turn   | Place    | Note
-------+----------+-------------------------------------------
     0 | D:1      | Psyclone the Octopode Conjurer began the quest for the Orb.
     0 | D:1      | Reached XP level 1. HP: 11/11 MP: 3/3
    59 | D:1      | Reached XP level 2. HP: 15/17 MP: 5/5
    88 | D:2      | Identified a scroll of acquirement
    88 | D:2      | Acquired the ring "Xiagas" {rElec rCorr MP+9 AC+4 Dex+4
                  | SInv}
   184 | D:2      | Learned a level 2 spell: Searing Ray
   383 | D:2      | Noticed Natasha
   407 | D:2      | Slain by a quokka

Illustrated notes

Levels and vault maps discovered:
D:1:      wander_arrival_fairy_ring, layout_basic, chequers_serial_rivers_room_a
D:2:      layout_loops_ring, shapermc_ecumenical_altar_venn, uniq_natasha

Action                   || total
-------------------------++-------
Melee: Dagger            ||    12
       Tentacles         ||     4
       Constrict         ||     3
       Punch             ||     1
 Cast: Magic Dart        ||    10
  Use: Scroll            ||     1
 Stab: Sleeping          ||     4
Armor: Skin              ||     3
Dodge: Dodged            ||    16
